Map: Orbital Shipyard

Players

FireCake

  • Race: Zerg Zerg
  • League: Diamond

PartinG - Winner!

  • Race: Protoss Protoss
  • League: Platinum

Event: DreamHack ROCCAT LotV Championship

VOD

Have the link to the VOD?

Description

Time

  • Played on: Nov. 28, 2015, 12:50 p.m.
  • Length: 9:52

All games in this series

Show
View Real Time Build Order
Export as new Build Order

FireCake Zerg 

Build Orders: Hatch First 

Get SALT Encoding   

  12  0:00  Drone  
  13  0:07  Drone  
  14  0:16  Overlord  
  14  0:24  Drone, Extractor  
  15  0:35  Drone x2  
  17  0:50  Hatchery  
  17  0:54  Drone  
  17  0:57  Drone  
  18  1:09  Extractor  
  17  1:12  Spawning Pool  
  17  1:15  Drone  
  17  1:18  Drone  
  18  1:26  Drone  
  19  1:37  Drone  
  20  1:48  Drone  
  21  2:01  Overlord  
  21  2:02  Queen x2  
  21  2:03  Drone  
  26  2:10  Metabolic Boost  
  26  2:13  Zergling x2  
  27  2:19  Drone  
  28  2:29  Drone x2  
  30  2:37  Evolution Chamber  
  30  2:43  Zergling x6  
  32  2:46  Zergling x2  
  33  2:51  Hatchery  
  33  2:54  Overlord  
  32  3:11  Drone x2  
  32  3:12  Drone x7  
  41  3:18  Overlord  
  41  3:25  Drone  
  42  3:31  Overlord  
  42  3:35  Queen  
  44  3:48  Drone, Zerg Melee Weapons Level 1  
  44  3:49  Drone x7  
  44  3:54  Overlord  
  52  3:57  Spore Crawler  
  52  3:58  Spore Crawler  
  52  4:01  Drone x2  
  49  4:13  Overlord  
  49  4:16  Roach Warren  
  47  4:17  Extractor x2  
  47  4:23  Drone x7  
  51  4:25  Drone  
  51  4:26  Drone  
  53  4:32  Drone x2  
  53  4:38  Spore Crawler  
  54  4:42  Drone x3  
  57  4:54  Lair  
  57  4:55  Drone x8  
  65  5:05  Drone  
  63  5:17  Extractor  
  62  5:21  Hatchery  
  62  5:23  Drone x3  
  62  5:24  Overlord  
  62  5:28  Drone x3, Extractor x2  
  65  5:42  Drone x6  
  71  5:43  Drone x2  
  73  5:56  Spire  
  72  6:01  Overlord x3  
  71  6:06  Overlord x2  
  67  6:13  Overlord x3  
  67  6:14  Overlord  
  67  6:21  Drone x4  
  67  6:22  Drone x2  
  67  6:24  Drone, Queen  
  76  6:26  Zerg Melee Weapons Level 2  
  76  6:35  Roach x6  
  76  6:36  Roach x2  
  92  6:40  Hatchery  
  92  6:43  Zergling x8  
  92  6:44  Zergling x2  
  96  6:51  Drone x2  
  96  6:52  Infestation Pit  
  97  6:57  Zergling x10  
  102  7:08  Zergling x2  
  102  7:09  Zergling x16  
  102  7:12  Zerg Flyer Weapons Level 1  
  112  7:16  Hatchery  
  110  7:23  Ravager  
  110  7:24  Ravager x7  
  110  7:25  Overlord x2  
  110  7:26  Overlord  
  110  7:27  Zergling x14  
  110  7:29  Hive  
  125  7:34  Zergling x2  
  125  7:41  Zergling x2  
  125  7:42  Zergling x20  
  118  7:47  Queen  
  111  7:54  Zergling x2  
  111  7:55  Zergling x14  
  113  8:02  Zergling x2  
  94  8:16  Zergling x10  
  83  8:22  Zergling x22  
  87  8:28  Zergling x4  
  82  8:37  Zergling x2  
  82  8:38  Zergling x6  
  71  8:43  Zergling x4  
  53  8:50  Drone x2  
  51  9:01  Drone  
  51  9:02  Drone  
  52  9:11  Drone  
  52  9:12  Drone  
  52  9:15  Drone  
  55  9:23  Drone x2  
  57  9:24  Drone  
  58  9:33  Drone x3  
Show
View Real Time Build Order
Export as new Build Order

PartinG Protoss - Winner!

Build Orders: Nexus First, Oracle Opening 

Get SALT Encoding   

  12  0:00  Probe (Chrono Boost)  
  13  0:11  Probe (Chrono Boost)  
  14  0:20  Pylon  
  14  0:22  Probe (Chrono Boost)  
  15  0:38  Probe (Chrono Boost)  
  16  0:49  Probe (Chrono Boost)  
  17  0:57  Nexus  
  17  1:02  Probe (Chrono Boost)  
  18  1:10  Gateway  
  18  1:14  Probe (Chrono Boost)  
  19  1:18  Assimilator  
  19  1:23  Assimilator  
  19  1:27  Probe (Chrono Boost)  
  20  1:38  Probe (Chrono Boost), Pylon  
  21  1:48  Probe (Chrono Boost)  
  22  1:59  Cybernetics Core, Probe (Chrono Boost)  
  23  2:05  Zealot  
  25  2:09  Probe (Chrono Boost)  
  25  2:10  Probe (Chrono Boost)  
  27  2:20  Probe (Chrono Boost)  
  27  2:21  Probe (Chrono Boost)  
  29  2:30  Probe (Chrono Boost)  
  29  2:31  Probe (Chrono Boost)  
  29  2:36  Stargate  
  31  2:38  Adept  
  31  2:41  Warp Gate  
  31  2:43  Probe (Chrono Boost)  
  34  2:48  Mothership Core (Chrono Boost)  
  36  2:57  Probe (Chrono Boost), Pylon  
  37  3:05  Adept  
  39  3:06  Probe (Chrono Boost)  
  39  3:07  Probe (Chrono Boost)  
  41  3:17  Probe (Chrono Boost)  
  41  3:18  Probe (Chrono Boost)  
  41  3:19  Oracle (Chrono Boost)  
  46  3:22  Pylon  
  46  3:27  Probe  
  46  3:30  Probe, Assimilator  
  48  3:34  Adept  
  48  3:36  Assimilator  
  48  3:38  Probe  
  48  3:40  Pylon  
  51  3:42  Probe (Chrono Boost)  
  51  3:45  Pylon  
  52  3:52  Pylon  
  52  3:54  Probe x2 (Chrono Boost)  
  54  4:03  Void Ray (Chrono Boost)  
  58  4:11  Probe  
  58  4:12  Probe  
  60  4:17  Forge  
  60  4:24  Nexus  
  60  4:28  Probe, Pylon  
  60  4:30  Probe (Chrono Boost)  
  62  4:35  Pylon  
  62  4:40  Probe (Chrono Boost)  
  62  4:42  Probe (Chrono Boost)  
  62  4:43  Protoss Ground Weapons Level 1  
  64  4:50  Twilight Council  
  64  4:55  Robotics Facility  
  64  4:57  Probe x2 (Chrono Boost)  
  66  5:09  Probe (Chrono Boost)  
  66  5:10  Probe (Chrono Boost)  
  66  5:13  Gateway  
  68  5:14  Gateway  
  68  5:15  Photon Cannon  
  68  5:16  Sentry  
  68  5:20  Probe (Chrono Boost)  
  71  5:24  Gateway  
  71  5:26  Probe (Chrono Boost)  
  71  5:27  Resonating Glaives (Chrono Boost)  
  72  5:30  Probe (Chrono Boost)  
  73  5:36  Probe (Chrono Boost)  
  73  5:37  Probe (Chrono Boost)  
  73  5:40  Warp Prism  
  73  5:41  Probe (Chrono Boost)  
  76  5:43  Pylon  
  78  5:52  Gateway  
  78  5:53  Gateway  
  78  5:56  Probe  
  79  5:57  Probe x2  
  81  6:12  Probe x3  
  81  6:14  Assimilator  
  81  6:15  Observer, Assimilator  
  81  6:16  Gateway  
  85  6:20  Gateway  
  85  6:21  Sentry, Pylon  
  85  6:22  Sentry x2  
  85  6:23  Sentry  
  93  6:28  Probe x3  
  93  6:30  Protoss Ground Weapons Level 2  
  96  6:36  Observer  
  97  6:52  Robotics Bay  
  97  6:53  Gateway  
  97  6:54  Adept x4  
  103  6:56  Gateway  
  103  6:59  Pylon  
  103  7:00  Blink (Chrono Boost)  
  103  7:01  Pylon  
  105  7:14  Adept x6  
  117  7:23  Adept x2  
  117  7:25  Pylon  
  117  7:26  Pylon  
  117  7:27  Nexus  
  117  7:29  Pylon  
  121  7:30  Pylon  
  121  7:31  Pylon  
  106  7:49  Disruptor  
  104  7:58  Adept x8, Robotics Facility  
  107  8:22  Adept x8  
  121  8:32  Adept x2  
  121  8:33  Disruptor (Chrono Boost)  
  118  8:46  Photon Cannon x2  
  102  8:51  Assimilator  
  102  8:52  Stalker x4  
  100  8:56  Assimilator  
  96  9:04  Stalker x4  
  96  9:08  Disruptor (Chrono Boost)  
  107  9:14  Photon Cannon  
  107  9:17  Photon Cannon  
  107  9:21  Sentry x4, Stalker  
  117  9:27  Adept  
  117  9:31  Probe  
  123  9:32  Photon Cannon  
  123  9:33  Stalker  

Tags
 
Add a new tag
Caveats
  • Supply blocks, unpowered buildings, or Contaminate may cause inaccurate times.
  • Supply counts are checked every 10 seconds.